 Dungeon Crawl Stone Soup version 0.23.2-1-ga50397a (webtiles) character file.

Game seed: 12432677997954597952

13711 IBeShadow the Zephyrmancer (level 12, -5/76 HPs)
             Began as a Tengu Air Elementalist on May 16, 2019.
             Was a Follower of Ashenzari.
             Slain by a six-headed hydra (7 damage)
             ... while petrified by a basilisk
             ... on level 11 of the Dungeon.
             The game lasted 00:45:04 (20747 turns).

IBeShadow the Zephyrmancer (TeAE)                  Turns: 20747, Time: 00:45:05

Health: -5/76      AC: 14    Str: 10      XL:     12   Next: 8%
Magic:  13/18      EV:  2    Int: 12 (14) God:    Ashenzari [*.....]
Gold:   514        SH:  0    Dex: 21      Spells: 8/18 levels left

rFire    + . .     SeeInvis .   H - +1 hand axe "Tecar" {flame, Dex+4} (curse)
rCold    . . .     Gourm    .   (no shield)
rNeg     + + +     Faith    .   h - +3 leather armour {rF+}
rPois    ∞         Spirit   .   (helmet restricted)
rElec    .         Reflect  .   x - +2 ratskin cloak {+Rats rPois rN+ Str-1 Int-1 Dex+1} (curse)
rCorr    .         Harm     .   i - +0 pair of gloves
MR       .....                  (boots unavailable)
Stlth    +++.......             (no amulet)
HPRegen  0.22/turn              v - +4 ring of protection (curse)
MPRegen  0.16/turn              p - ring of stealth

@: petrified, flying quickly and evasively, quick
A: beak, talons 3, dopey 1, able to fly
a: Stop Flying, Curse Item, Scrying, Renounce Religion, Evoke Ratskin


You were on level 11 of the Dungeon.
You worshipped Ashenzari.
Ashenzari was aware of your devotion.
You were near starving.

You visited 2 branches of the dungeon, and saw 12 of its levels.

You collected 553 gold pieces.
You spent 39 gold pieces at shops.

Inventory:

Hand Weapons
 b - a +2 dagger of electrocution
 z - the +9 staff of Olgreb {rPois}
   (You found it on level 7 of the Dungeon)

   It protects you from poison.
 H - the cursed +1 hand axe "Tecar" (weapon) {flame, Dex+4}
   (You found it on level 9 of the Dungeon)

   It has been specially enchanted to burn those struck by it, causing extra
   injury to most foes and up to half again as much damage against particularly
   susceptible opponents.
   Big, fiery blades are also staple armaments of hydra-hunters.
   It affects your dexterity (+4).
   It has a curse placed upon it.
 K - the +5 war axe "Nudof" {chop, rElec rPois SInv Stlth-}
   (You found it on level 9 of the Dungeon)

   It inflicts extra damage upon your enemies.
   It insulates you from electricity.
   It protects you from poison.
   It lets you see invisible.
   It makes you less stealthy.
Missiles
 w - 3 throwing nets (quivered)
Armour
 a - a +0 robe
 h - a +3 leather armour of fire resistance (worn)
 i - a +0 pair of gloves (worn)
 x - the cursed +2 ratskin cloak (worn) {+Rats rPois rN+ Str-1 Int-1 Dex+1}
   (You found it on level 6 of the Dungeon)

   It affects your strength (-1).
   It affects your intelligence (-1).
   It affects your dexterity (+1).
   It protects you from poison.
   It protects you from negative energy.
   It has a curse placed upon it.
 G - a +0 troll leather armour
Magical Staves
 q - a cursed staff of power
Jewellery
 e - an uncursed ring of fire
 p - a ring of stealth (right hand)
 v - a cursed +4 ring of protection (left hand)
Wands
 A - a wand of random effects (15)
 I - a wand of polymorph (10)
Scrolls
 d - a scroll of identify
 f - 2 scrolls of fear
 j - 2 scrolls of magic mapping
 k - 5 scrolls of teleportation
 l - 2 scrolls of amnesia {unknown}
 n - 3 scrolls of enchant armour
 s - a scroll of random uselessness {unknown}
 t - 2 scrolls of immolation {unknown}
 y - 4 scrolls of remove curse
 B - a scroll of blinking {unknown}
 D - a scroll of summoning
 E - 3 scrolls of holy word {unknown}
Potions
 m - 2 potions of invisibility
 o - 3 potions of flight
 r - a potion of ambrosia
 u - 2 potions of lignification
 C - a potion of brilliance
 J - a potion of might {unknown}
 L - a potion of cancellation {unknown}
Comestibles
 c - 9 rations


   Skills:
 + Level 9.2 Fighting
 - Level 8.3 Short Blades
 + Level 3.4 Axes
 - Level 2.1 Dodging
 - Level 2.0 Stealth
 + Level 3.5 Spellcasting
 + Level 11.8 Conjurations
 + Level 12.3 Air Magic
 + Level 5.7 Evocations


You had 8 spell levels left.
You knew the following spells:

 Your Spells              Type           Power        Failure   Level  Hunger
a - Shock                 Conj/Air       ####         1%          1    #......
b - Airstrike             Air            ####......   1%          4    #####..
c - Lightning Bolt        Conj/Air       ####......   6%          5    ######.

Your spell library contained the following spells:

 Spells                   Type           Power        Failure   Level  Hunger
 Magic Dart               Conj           ####         1%          1    #......
 Static Discharge         Conj/Air       ####....     1%          3    ###....
 Swiftness                Chrm/Air       ###.....     3%          2    ##.....
 Iskenderun's Battlesphe  Conj/Chrm      ###.....     61%         5    ######.
 Metabolic Englaciation   Hex/Ice        #.........   100%        5    ######.
 Simulacrum               Ice/Necr       #.........   100%        6    #######


Dungeon Overview and Level Annotations

Branches:
Dungeon (11/15)            Temple (1/1) D:5             Orc (0/2) D:10
   Lair: D:8-11

Altars:
Ashenzari
Cheibriados
Dithmenos
Elyvilon
Fedhas
Gozag
Hepliaklqana
Kikubaaqudgha
Makhleb
Nemelex Xobeh
Okawaru
Qazlal
Ru
Sif Muna
Trog
Uskayaw
Vehumet
Wu Jian
Xom
Yredelemnul
Zin
The Shining One
Beogh

Shops:
D:11 *

Annotations:
D:11 2 transporters, Yackwabbit's ghost, journeyman MiFi


Innate Abilities, Weirdness & Mutations

You have a beak for a mouth.
You have claws for feet.
You can fly continuously.
You are dopey. (Int -2)


Message History

The basilisk gazes at you. The six-headed hydra bites you! x2
* * * LOW HITPOINT WARNING * * *
The six-headed hydra bites you but does no damage.
The six-headed hydra bites you!
* * * LOW HITPOINT WARNING * * *
The six-headed hydra bites you.
* * * LOW HITPOINT WARNING * * *
The six-headed hydra bites you.
* * * LOW HITPOINT WARNING * * *
The basilisk bites you!
* * * LOW HITPOINT WARNING * * *
The six-headed hydra bites you.
* * * LOW HITPOINT WARNING * * *
The six-headed hydra bites you!
* * * LOW HITPOINT WARNING * * *
The six-headed hydra bites you.
* * * LOW HITPOINT WARNING * * *
The six-headed hydra bites you!
You die...

#.>.......# #.........#
#########.######..#
..........# #..#
..........# #..#
#########.# #..# # #.#
#<.# # #.# #..# # #.#
#@.# # #.# #Dl# # #.#
#..# # #.# #..# # #.#
#..# # #.# #..# # #.#
#..# # #.# #..#
#########.######).#####


You could see a six-headed hydra and a basilisk.

Vanquished Creatures
  A hydra (D:8)
  A two-headed ogre (D:8)
  An unseen horror (D:10)
  Pikel (D:9)
  An ice statue (D:10)
  A gargoyle (D:11)
  A kobold demonologist (D:11)
  3 trolls
  Grinder (D:3)
  6 hippogriffs
  2 dream sheep (D:8)
  12 yaks
  A vampire (D:8)
  Eustachio (D:4)
  2 wyverns
  A steam dragon (D:9)
  A water moccasin (D:7)
  4 orc warriors
  A sky beast (D:8)
  4 ice beasts
  A phantom (D:10)
  A necrophage (D:9)
  2 slaves (D:9)
  6 ogres
  3 black bears
  7 centaurs
  A crocodile (D:11)
  5 big kobolds
  4 bullfrogs
  A wyvern zombie (D:10)
  5 scorpions
  6 killer bees (D:7)
  5 wights (D:6)
  An electric eel (D:10)
  A howler monkey (D:10)
  8 crimson imps
  2 centaur zombies
  A hound (D:9)
  2 jellies
  11 orc wizards
  11 orc priests
  4 bullfrog skeletons
  2 iguanas
  3 hell rats (D:6)
  7 worker ants
  2 hound skeletons
  2 worker ant zombies
  17 adders
  A gnoll (D:1)
  4 river rats (D:6)
  A shadow imp (D:10)
  An ooze (D:2)
  An adder skeleton (D:4)
  An adder zombie (D:9)
  4 worms
  6 dart slugs
  7 leopard geckos
  46 orcs
  2 bats
  5 giant cockroaches
  6 goblins
  11 hobgoblins
  6 jackals
  5 quokkas
  2 ball pythons
  3 frilled lizards
  A jackal skeleton (D:4)
  A jackal zombie (D:5)
  9 kobolds
  A leopard gecko zombie (D:7)
  A quokka skeleton (D:9)
  21 rats
313 creatures vanquished.

Vanquished Creatures (others)
  A slave (D:9)
  5 fungi (D:11)
  A plant (D:11)
7 creatures vanquished.

Grand Total: 320 creatures vanquished

Notes
Turn   | Place    | Note
-------+----------+-------------------------------------------
     0 | D:1      | IBeShadow the Tengu Air Elementalist began the quest for
                  | the Orb.
     0 | D:1      | Reached XP level 1. HP: 10/10 MP: 4/4
   233 | D:1      | Reached XP level 2. HP: 7/16 MP: 3/6
   248 | D:1      | Reached skill level 1 in Fighting
   663 | D:1      | Reached XP level 3. HP: 14/20 MP: 3/7
   816 | D:1      | HP: 1/20 [bat (1)]
  1591 | D:2      | Found a faded altar of an unknown god.
  1898 | D:2      | Reached XP level 4. HP: 25/26 MP: 5/8
  1970 | D:2      | Reached skill level 5 in Air Magic
  2741 | D:2      | Gained mutation: You can fly continuously. [Tengu growth]
  2741 | D:2      | Reached XP level 5. HP: 31/31 MP: 9/9
  3740 | D:3      | Noticed Grinder
  3741 | D:3      | Paralysed by Grinder for 4 turns
  3765 | D:3      | Killed Grinder
  3765 | D:3      | Reached skill level 5 in Conjurations
  3765 | D:3      | Reached skill level 6 in Air Magic
  3765 | D:3      | Reached XP level 6. HP: 14/37 MP: 8/10
  4540 | D:3      | Reached XP level 7. HP: 34/42 MP: 11/11
  4651 | D:3      | Found a stormy altar of Qazlal.
  4809 | D:4      | Noticed Eustachio
  4833 | D:4      | Killed Eustachio
  4833 | D:4      | Reached skill level 1 in Short Blades
  4833 | D:4      | Reached skill level 7 in Air Magic
  5916 | D:5      | Entered Level 5 of the Dungeon
  5967 | D:5      | Found a staircase to the Ecumenical Temple.
  6002 | D:5      | Reached XP level 8. HP: 28/48 MP: 8/12
  6214 | Temple   | Entered the Ecumenical Temple
  6397 | Temple   | Became a worshipper of Ashenzari the Shackled
  6873 | D:5      | Reached skill level 5 in Fighting
  7029 | D:6      | Reached skill level 8 in Air Magic
  7580 | D:6      | Found a sparkling altar of Nemelex Xobeh.
  7585 | D:6      | Noticed a troll
  8072 | D:6      | Found the +2 ratskin cloak {+Rats rPois rN+ Str-1 Int-1
                  | Dex+1}
  8718 | D:6      | Reached XP level 9. HP: 50/55 MP: 6/13
  9022 | D:6      | Killed a troll
  9022 | D:6      | Reached skill level 5 in Short Blades
  9022 | D:6      | Reached skill level 9 in Air Magic
  9052 | D:6      | Learned a level 4 spell: Airstrike
  9713 | D:7      | Reached skill level 10 in Air Magic
  9743 | D:7      | Found the +9 staff of Olgreb {rPois}
 10096 | D:7      | Reached XP level 10. HP: 43/63 MP: 12/14
 10375 | D:7      | Identified Sif Muna's Reference Book on Destructive Ice
 10401 | D:7      | Reached skill level 1 in Evocations
 10708 | D:8      | Noticed a two-headed ogre
 10731 | D:8      | Killed a two-headed ogre
 10934 | D:8      | Reached skill level 10 in Conjurations
 11036 | D:8      | Noticed a two-headed hydra
 11068 | D:8      | Killed a two-headed hydra
 11071 | D:8      | Reached skill level 11 in Air Magic
 12271 | D:9      | Found a runed translucent door.
 12561 | D:8      | Reached XP level 11. HP: 26/68 MP: 4/15
 12924 | D:9      | Reached * piety under Ashenzari
 13089 | D:9      | Got the cursed hand axe "Tecar" {flame, Dex+4}
 13090 | D:9      | Identified the cursed +1 hand axe "Tecar" {flame, Dex+4}
                  | (You found it on level 9 of the Dungeon)
 14250 | D:9      | Found a roughly hewn altar of Beogh.
 14250 | D:9      | Noticed Pikel
 14251 | D:9      | Identified the +5 war axe "Nudof" {chop, rElec rPois SInv
                  | Stlth-}
 14258 | D:9      | Killed Pikel
 14284 | D:9      | Learned a level 5 spell: Lightning Bolt
 14367 | D:10     | Entered Level 10 of the Dungeon
 14686 | D:10     | Killed an unseen horror
 14686 | D:10     | Reached skill level 1 in Axes
 15302 | D:10     | Identified the +1 robe "Plog" {Int+4}
 15635 | D:10     | Reached skill level 5 in Evocations
 15689 | D:10     | Found a staircase to the Orcish Mines.
 16188 | D:10     | Reached skill level 12 in Air Magic
 19304 | D:11     | Noticed a white ugly thing
 19937 | D:11     | Found a blossoming altar of Fedhas.
 20049 | D:11     | Found Widaus's General Store.
 20053 | D:11     | Bought a scroll of remove curse for 39 gold pieces
 20103 | D:11     | Reached XP level 12. HP: 76/76 MP: 9/18
 20270 | D:11     | Noticed a six-headed hydra
 20629 | D:11     | Found a transporter.
 20630 | D:11     | Noticed a two-headed ogre
 20631 | D:11     | Found a transporter.
 20633 | D:11     | Noticed a two-headed ogre
 20634 | D:11     | Found a bloodstained altar of Trog.
 20642 | D:11     | Noticed Yackwabbit's ghost (journeyman MiFi)
 20642 | D:11     | Identified the +7 trident of Extinguishment {pierce, *Noise
                  | rElec MR++ Int+2}
 20642 | D:11     | Noticed a tengu warrior
 20662 | D:11     | Gained mutation: You are dopey. (Int -2) [a neqoxec]
 20747 | D:11     | HP: 3/76 [six-headed hydra (4)]
 20747 | D:11     | Slain by a six-headed hydra

Skill      XL: |  1  2  3  4  5  6  7  8  9 10 11 |
---------------+----------------------------------+-----
Conjurations   | 2 3 5 6 7 9 10 11 | 11.8
Fighting       | 1 2 3 4 5 7 8 9 |  9.2
Air Magic      | 5 6 7 8 10 11 12 | 12.3
Short Blades   | 2 4 6 7 8 |  8.3
Evocations     | 3 5 |  5.7
Axes           | 3 |  3.4
Spellcasting   | 3 |  3.5
Dodging        | |  2.1
Stealth        | |  2.0

Action                   |  1- 3 |  4- 6 |  7- 9 | 10-12 || total
-------------------------+-------+-------+-------+-------++-------
Melee: Unarmed           |     3 |       |       |       ||     3
       Whip              |     6 |       |       |       ||     6
       Kick              |     8 |    26 |    42 |   177 ||   253
       Peck              |     6 |    21 |    38 |   120 ||   185
       Dagger            |    24 |   110 |   240 |   130 ||   504
       Hand axe          |       |       |       |   355 ||   355
       Staff             |       |       |       |    11 ||    11
 Cast: Shock             |    26 |    39 |   118 |    67 ||   250
       Airstrike         |       |       |       |    90 ||    90
       Lightning Bolt    |       |       |       |    35 ||    35
Invok: Curse Item        |       |       |       |     2 ||     2
 Abil: Fly               |       |     1 |       |       ||     1
Evoke: Wand              |       |       |       |     2 ||     2
       Staff of Olgreb   |       |       |       |     1 ||     1
  Use: Potion            |       |     5 |       |     5 ||    10
       Scroll            |       |       |     6 |     6 ||    12
 Stab: Sleeping          |     5 |     6 |    14 |     8 ||    33
       Distracted        |       |       |       |     1 ||     1
  Eat: Ration            |     1 |       |     1 |    10 ||    12
       Chunk             |       |     9 |    15 |    31 ||    55
Armor: Robe              |    11 |    19 |     1 |       ||    31
       Leather armour    |       |       |    60 |   290 ||   350
Dodge: Dodged            |    21 |    88 |   172 |   466 ||   747
